 Dungeon Crawl Stone Soup version 0.21.1-1-g345015f (webtiles) character file.

17979 Hebeh the Severer (level 12, -9/104 HPs)
             Began as a Deep Dwarf Fighter on June 16, 2018.
             Was a High Priest of Makhleb.
             Mangled by a manticore (10 damage)
             ... summoned by Kirke
             ... on level 13 of the Dungeon.
             The game lasted 01:09:23 (9860 turns).

Hebeh the Severer (Deep Dwarf Fighter)              Turns: 9860, Time: 01:09:25

Health: -9/104     AC:  0    Str: 25    XL:     12   Next: 23%
Magic:  7/7        EV: 13    Int:  9    God:    Makhleb [*****.]
Gold:   632        SH:  3    Dex: 12    Spells: 11/11 levels left

rFire    . . .     SeeInvis .   (weapon currently unavailable)
rCold    . . .     Gourm    .   (shield currently unavailable)
rNeg     . . .     Faith    .   (armour currently unavailable)
rPois    .         Spirit   .   (helmet currently unavailable)
rElec    .         Reflect  +   (cloak currently unavailable)
rCorr    .         Harm     .   (gloves currently unavailable)
MR       +....                  (boots currently unavailable)
Stlth    +.........             b - +3 amulet of reflection
HPRegen  0.00/turn              (ring currently unavailable)
MPRegen  0.10/turn              (ring currently unavailable)

@: pig-form, non-regenerating, very quick
A: small, damage resistance, heal wounds, sense surroundings 2, no regeneration
a: Heal Wounds, Minor Destruction, Lesser Servant of Makhleb, Major Destruction,
Greater Servant of Makhleb, Renounce Religion


You were on level 13 of the Dungeon.
You worshipped Makhleb.
Makhleb was extremely pleased with you.
You were hungry.
You were a filthy swine.
You visited 3 branches of the dungeon, and saw 15 of its levels.
You also visited: Ossuary.

You collected 1027 gold pieces.
You spent 395 gold pieces at shops.

Inventory:

Hand Weapons
 a - a +0 war axe (melded)
 P - a +3 mace
Armour
 c - a +0 shield (melded)
 t - a +0 pair of gloves (melded)
 R - a scarf of resistance (melded)
 X - the +5 plate armour "Hept" (melded) {Str+3 SInv}
   (You found it on level 11 of the Dungeon)

   It affects your strength (+3).
   It lets you see invisible.
Jewellery
 b - a +3 amulet of reflection (around neck)
 q - an uncursed ring of ice
 J - a +2 ring of slaying (melded)
 N - a ring of protection from magic (melded)
Wands
 M - a wand of flame (65)
 S - a wand of polymorph (7)
 V - a wand of disintegration (17)
 Y - a wand of iceblast (2)
Scrolls
 e - 2 scrolls of enchant weapon {unknown}
 l - 7 scrolls of teleportation
 r - 9 scrolls of remove curse
 u - 4 scrolls of enchant armour
 x - 2 scrolls of fog {unknown}
 y - a scroll of fear {unknown}
 z - 2 scrolls of summoning {unknown}
 E - 4 scrolls of immolation {unknown}
 G - 2 scrolls of blinking {unknown}
 H - a scroll of random uselessness {unknown}
 I - 7 scrolls of identify
 O - a scroll of holy word {unknown}
 T - 2 scrolls of vulnerability {unknown}
 U - 2 scrolls of magic mapping
Potions
 d - 3 potions of might
 g - 3 potions of brilliance {unknown}
 h - a potion of magic
 k - 2 potions of heal wounds
 m - 5 potions of curing
 n - a potion of berserk rage {unknown}
 p - a potion of haste {unknown}
 v - 2 potions of ambrosia
 w - 3 potions of agility {unknown}
 A - 2 potions of flight
 B - 3 potions of lignification {unknown}
 C - 2 potions of cancellation {unknown}
Books
 j - a book of the Tempests

   Spells                             Type                      Level
   a - Static Discharge               Conjuration/Air              3
   b - Lightning Bolt                 Conjuration/Air              5
   c - Ignition                       Fire                         8
   d - Tornado                        Air                          9
   e - Shatter                        Earth                        9
 o - a book of Cantrips

   Spells                             Type                      Level
   a - Confusing Touch                Hexes                        1
   b - Animate Skeleton               Necromancy                   1
   c - Summon Small Mammal            Summoning                    1
   d - Apportation                    Translocation                1
 D - a book of Transfigurations

   Spells                             Type                      Level
   a - Irradiate                      Conjuration/Transmutation    5
   b - Statue Form                    Transmutation/Earth          6
   c - Hydra Form                     Transmutation                6
   d - Dragon Form                    Transmutation                7
 F - a book of Geomancy

   Spells                             Type                      Level
   a - Sandblast                      Earth                        1
   b - Passwall                       Transmutation/Earth          2
   c - Stone Arrow                    Conjuration/Earth            3
   d - Petrify                        Transmutation/Earth          4
   e - Lee's Rapid Deconstruction     Earth                        5
 L - a book of Party Tricks

   Spells                             Type                      Level
   a - Summon Butterflies             Summoning                    1
   b - Apportation                    Translocation                1
   c - Lesser Beckoning               Translocation                3
   d - Tukima's Dance                 Hexes                        3
   e - Alistair's Intoxication        Transmutation/Poison         5
   f - Invisibility                   Hexes                        6
Comestibles
 f - 27 rations


   Skills:
 + Level 5.8 Fighting
 - Level 16.1(16.4) Axes
 * Level 5.3(11.2) Maces & Flails
 + Level 7.0 Armour
 + Level 7.0 Shields
 + Level 7.3 Invocations
 + Level 4.8 Evocations


You had 11 spell levels left.
You didn't know any spells.

Dungeon Overview and Level Annotations

Branches:
Dungeon (13/15)            Temple (1/1) D:4            Lair (1/6) D:8
    Orc (0/2) D:9
 Vaults: D:13-14

Altars:
Ashenzari
Cheibriados
Dithmenos
Elyvilon
Fedhas
Gozag
Hepliaklqana
Kikubaaqudgha
Makhleb
Nemelex Xobeh
Okawaru
Qazlal
Ru
Sif Muna
Trog
Uskayaw
Vehumet
Wu Jian
Xom
Yredelemnul
Zin
The Shining One
Beogh

Shops:
D:9 [

Annotations:
D:13 Kirke


Innate Abilities, Weirdness & Mutations

You are resistant to damage.
You can heal yourself by infusing magical energy.
You passively map the area around you.
You do not regenerate.


Message History

The manticore claws you.
* * * LOW HITPOINT WARNING * * *
The manticore claws you.
* * * LOW HITPOINT WARNING * * *
You feel much better. The hog bites you. Something barely misses you.
The manticore bites you!
* * * LOW HITPOINT WARNING * * *
The manticore claws you!
* * * LOW HITPOINT WARNING * * *
The manticore closely misses you. The ogre hits you with a giant club.
* * * LOW HITPOINT WARNING * * *
The hog misses you.
You feel much better. Something hits you.
* * * LOW HITPOINT WARNING * * *
The manticore bites you!!
* * * LOW HITPOINT WARNING * * *
The manticore claws you!
* * * LOW HITPOINT WARNING * * *
The manticore claws you!
You die...

........<..... ,, , ,, ,,
............. , , ,, , ,, ,
............#* ,
............# ,,
............######### * * ,
.......>............. , ,,
...........†......... ,
,......./..h......# ,
..........Hh.....# ,
..........O......###########
,
....................).......
,
,......................<.....
,,,
.).############..###########
* #.. ** * #..# .., , ....#
** , , ...... , , ,, ,
........


You could see a manticore, a hog and an ogre.

Vanquished Creatures
  A hydra (D:12)
  2 two-headed ogres
  A manticore (D:12)
  Maurice (D:8)
  Joseph (D:7)
  A komodo dragon (D:8)
  5 trolls
  A hornet (D:8)
  Prince Ribbit (D:7)
  4 slime creatures (D:12)
  3 hippogriffs
  2 wraiths
  The ghost of WinstonMain the Ruffian, an amateur TrMo (D:4)
  24 yaks
  4 hogs (D:13)
  Menkaure (Ossuary)
  A water moccasin (D:5)
  11 orc warriors
  4 sky beasts
  A necrophage (D:8)
  4 phantoms
  2 black bears
  8 ice beasts
  An eye of draining (D:12)
  6 ogres
  5 centaurs
  2 big kobolds
  A water moccasin zombie (D:9)
  2 bullfrogs
  A wyvern zombie (D:6)
  2 scorpions
  14 wights
  3 howler monkeys
  3 crimson imps
  3 centaur zombies
  3 jellies
  5 orc priests
  8 hounds
  2 centaur skeletons
  11 orc wizards
  A bullfrog skeleton (D:8)
  5 iguanas
  8 worker ants
  2 hound skeletons
  4 mummies
  10 gnolls
  10 adders
  An ooze (D:2)
  An adder skeleton (D:10)
  A worm (D:2)
  5 dart slugs
  4 leopard geckos
  62 orcs
  A ball python (D:7)
  6 bats
  6 giant cockroaches
  2 gnoll zombies (Ossuary)
  8 goblins
  4 hobgoblins
  2 jackals (D:3)
  7 quokkas
  11 frilled lizards
  4 gnoll skeletons (Ossuary)
  3 goblin zombies (Ossuary)
  3 hobgoblin skeletons (Ossuary)
  3 hobgoblin zombies (Ossuary)
  A jackal zombie (D:6)
  11 kobolds
  3 kobold skeletons (Ossuary)
  4 kobold zombies (Ossuary)
  A leopard gecko skeleton (D:7)
  An orc skeleton (Ossuary)
  A quokka zombie (D:5)
  2 rats (D:1)
  6 rat skeletons (Ossuary)
  3 rat zombies (Ossuary)
  A plant (D:9)
364 creatures vanquished.

Vanquished Creatures (others)
  A centaur (D:10)
  3 gnoll zombies (Ossuary)
  2 goblin skeletons (Ossuary)
  2 goblin zombies (Ossuary)
  3 hobgoblin zombies (Ossuary)
  3 kobold skeletons (Ossuary)
  2 orc skeletons (Ossuary)
  An orc zombie (Ossuary)
  A rat skeleton (Ossuary)
  A rat zombie (Ossuary)
  11 plants (D:8)
30 creatures vanquished.

Grand Total: 394 creatures vanquished

Notes
Turn   | Place    | Note
-------+----------+-------------------------------------------
     0 | D:1      | Hebeh the Deep Dwarf Fighter began the quest for the Orb.
     0 | D:1      | Reached XP level 1. HP: 20/20 MP: 1/1
   131 | D:1      | Reached skill level 3 in Axes
   132 | D:1      | Reached XP level 2. HP: 27/27 MP: 2/2
   352 | D:1      | Reached XP level 3. HP: 28/33 MP: 3/3
   414 | D:1      | Reached skill level 4 in Axes
   713 | D:2      | Reached skill level 5 in Axes
   713 | D:2      | Reached XP level 4. HP: 28/40 MP: 4/4
   866 | D:2      | Found a bloodstained altar of Trog.
  1699 | D:4      | Reached XP level 5. HP: 46/46 MP: 5/5
  1822 | D:4      | Reached skill level 6 in Axes
  1946 | D:4      | Noticed WinstonMain's ghost (amateur TrMo)
  1967 | D:4      | HP: 1/46 [WinstonMain's ghost (11)]
  1970 | D:4      | Killed WinstonMain's ghost
  1970 | D:4      | Reached skill level 7 in Axes
  1970 | D:4      | Reached XP level 6. HP: 33/55 MP: 6/6
  2300 | D:4      | Found a staircase to the Ecumenical Temple.
  2310 | Temple   | Entered the Ecumenical Temple
  2463 | Temple   | Became a worshipper of Makhleb the Destroyer
  2810 | D:5      | Entered Level 5 of the Dungeon
  2889 | D:5      | Found a sand-covered staircase.
  2907 | Ossuary  | Entered an ossuary
  3020 | Ossuary  | Reached * piety under Makhleb
  3138 | Ossuary  | Reached skill level 8 in Axes
  3160 | Ossuary  | Noticed Menkaure
  3178 | Ossuary  | Killed Menkaure
  3178 | Ossuary  | Reached XP level 7. HP: 30/61 MP: 5/5
  3327 | D:5      | Reached skill level 9 in Axes
  3467 | D:5      | Reached skill level 10 in Axes
  3646 | D:5      | Reached ** piety under Makhleb
  3752 | D:5      | Reached XP level 8. HP: 41/68 MP: 5/5
  3959 | D:6      | Reached skill level 11 in Axes
  3972 | D:6      | Found a hide-covered altar of Uskayaw.
  3972 | D:6      | Found a white marble altar of Elyvilon.
  3984 | D:6      | Found an ancient bone altar of Kikubaaqudgha.
  3989 | D:6      | Found a hazy altar of Hepliaklqana.
  4487 | D:6      | Reached skill level 12 in Axes
  4815 | D:7      | Noticed a hippogriff
  4831 | D:7      | Killed a hippogriff
  4837 | D:7      | Noticed Prince Ribbit
  4845 | D:7      | Killed Prince Ribbit
  4845 | D:7      | Gained mutation: You passively map the area around you. [Deep Dwarf growth]
  4845 | D:7      | Reached XP level 9. HP: 61/74 MP: 6/6
  4925 | D:7      | Reached skill level 13 in Axes
  4947 | D:7      | Noticed Joseph
  4972 | D:7      | Killed Joseph
  5044 | D:7      | Found a shimmering altar of Xom.
  5199 | D:7      | Reached *** piety under Makhleb
  5261 | D:7      | Reached skill level 14 in Axes
  5411 | D:8      | Paralysed by a hornet for 2 turns
  5519 | D:8      | Reached skill level 15 in Axes
  5519 | D:8      | Reached XP level 10. HP: 81/81 MP: 6/6
  5598 | D:8      | Noticed Maurice
  5625 | D:8      | Killed Maurice
  5698 | D:8      | Noticed a two-headed ogre
  5706 | D:8      | Killed a two-headed ogre
  5818 | D:8      | Reached skill level 16 in Axes
  5854 | D:8      | Reached skill level 1 in Invocations
  6142 | D:8      | Reached **** piety under Makhleb
  6218 | D:8      | Found a staircase to the Lair.
  6507 | Lair:1   | Entered Level 1 of the Lair of Beasts
  6595 | D:9      | Noticed a two-headed ogre
  6613 | D:9      | Killed a two-headed ogre
  6649 | D:9      | Found a radiant altar of Vehumet.
  6743 | D:9      | Reached XP level 11. HP: 92/92 MP: 7/9
  6747 | D:9      | Reached skill level 5 in Armour
  6747 | D:9      | Reached skill level 5 in Shields
  6807 | D:9      | Found Vegetoupn's Armour Shop.
  6807 | D:9      | Found a staircase to the Orcish Mines.
  6911 | D:9      | Reached skill level 5 in Invocations
  7505 | D:10     | Entered Level 10 of the Dungeon
  7565 | D:10     | Found Firr's Magic Scroll Boutique.
  7614 | D:10     | Bought a scroll of identify for 26 gold pieces
  7614 | D:10     | Bought a scroll of enchant armour for 97 gold pieces
  7614 | D:10     | Bought a scroll of enchant armour for 97 gold pieces
  7614 | D:10     | Bought a scroll of magic mapping for 45 gold pieces
  7614 | D:10     | Bought a scroll of noise for 13 gold pieces
  7614 | D:10     | Bought a scroll of identify for 26 gold pieces
  7614 | D:10     | Bought a scroll of identify for 26 gold pieces
  7614 | D:10     | Bought a scroll of teleportation for 39 gold pieces
  7614 | D:10     | Bought a scroll of identify for 26 gold pieces
  7730 | D:10     | Reached skill level 1 in Maces & Flails
  7747 | D:10     | Reached skill level 1 in Evocations
  7822 | D:10     | Reached ***** piety under Makhleb
  7824 | D:10     | Found a roughly hewn altar of Beogh.
  8189 | D:10     | Reached skill level 5 in Fighting
  8487 | D:11     | Got a faintly humming plate armour
  8488 | D:11     | Identified the +5 plate armour "Hept" {Str+3 SInv} (You found it on level 11 of the Dungeon)
  8896 | D:12     | Noticed an eight-headed hydra
  8910 | D:12     | HP: 2/94 [ten-headed hydra (7)]
  8919 | D:12     | Killed a ten-headed hydra
  9422 | D:12     | Reached XP level 12. HP: 103/103 MP: 8/8
  9812 | D:13     | Reached skill level 5 in Maces & Flails
  9834 | D:13     | Noticed Kirke
  9860 | D:13     | HP: 1/104 [manticore[Kirke] (12)]
  9860 | D:13     | Mangled by a manticore

Skill      XL: |  1  2  3  4  5  6  7  8  9 10 11 12 |
---------------+-------------------------------------+-----
Axes           | 3 5 7 8 10 12 15 16 | 16.1
Invocations    | 4 6 7 |  7.3
Fighting       | 4 5 |  5.8
Armour         | 4 6 7 |  7.0
Shields        | 4 6 7 |  7.0
Maces & Flails | 4 5 |  5.3
Evocations     | 4 |  4.8

Action                   |  1- 3 |  4- 6 |  7- 9 | 10-12 || total
-------------------------+-------+-------+-------+-------++-------
Melee: War axe           |   116 |   222 |   392 |   739 ||  1469
       Mace              |       |       |       |    12 ||    12
       Unarmed           |       |       |       |     6 ||     6
Invok: Minor Destruction |       |       |     1 |       ||     1
 Abil: Heal Wounds       |       |     6 |    13 |    20 ||    39
  Use: Scroll            |       |     2 |     7 |     6 ||    15
       Potion            |       |     1 |       |     1 ||     2
  Eat: Chunk             |       |     5 |     8 |    14 ||    27
       Ration            |       |     1 |       |       ||     1
Armor: Scale mail        |    36 |    72 |   125 |   114 ||   347
       Plate armour      |       |       |       |   127 ||   127
Dodge: Dodged            |    35 |    56 |    94 |   158 ||   343
Block: Shield            |    52 |    81 |   163 |   377 ||   673
       Reflection        |       |       |       |     8 ||     8
       Other             |       |       |       |     1 ||     1
